[ AOE2 MATCH · #471876992 ]
Team RMHindustanis vs Khmer
[ REPLAY ANALYSIS · EXTRACTED FROM THE RECORDED GAME ]
Feudal
11:28
Castle
21:20
Imperial
—
| APM avg | 9.7 |
| APM peak | 29 |
| eAPM avg | 8.1 |
| Villagers / military | 104 / 81 |
Focus
⚔️ 16.5% · 🌾 83.5%
Camel Scout ×64 · Spearman ×17
Feudal
—
Castle
—
Imperial
—
| APM avg | 13.8 |
| APM peak | 68 |
| eAPM avg | 7.2 |
| Villagers / military | 86 / 116 |
Focus
⚔️ 16.8% · 🌾 83.2%
Hand Cannoneer ×105 · Bombard Cannon ×11
Feudal
11:15
Castle
28:43
Imperial
—
| APM avg | 9.4 |
| APM peak | 30 |
| eAPM avg | 6.6 |
| Villagers / military | 46 / 36 |
Focus
⚔️ 31.3% · 🌾 68.7%
Spearman ×23 · Archer ×8 · Longbowman ×3 · Militia ×2
Feudal
12:14
Castle
19:02
Imperial
29:20
| APM avg | 10.2 |
| APM peak | 23 |
| eAPM avg | 8.1 |
| Villagers / military | 70 / 62 |
Focus
⚔️ 30.4% · 🌾 69.6%
Ballista Elephant ×62
Feudal
11:59
Castle
27:08
Imperial
—
| APM avg | 13.0 |
| APM peak | 29 |
| eAPM avg | 10.8 |
| Villagers / military | 128 / 10 |
Focus
⚔️ 13.8% · 🌾 86.2%
Spearman ×5 · Skirmisher ×5
Feudal
8:51
Castle
14:52
Imperial
26:11
| APM avg | 42.9 |
| APM peak | 77 |
| eAPM avg | 21.7 |
| Villagers / military | 70 / 101 |
Focus
⚔️ 23.3% · 🌾 76.7%
Conquistador ×59 · Spearman ×34 · Trebuchet (Packed) ×7 · Monk ×1
Match map
Initial resources + every placement click. Lines = walls · curves = elevation contours. ◆ gold · ⬟ stone · ● berries · ✦ relic · ◌ wall gap
Your base· ✓ Closed at 21:20 · 32t walls · 4 gate(s)
Hamurabi1's base· ✓ Closed at 18:39 · 0t walls · 4 gate(s)
madsuperlugnelars's base· ✓ Closed at 28:43 · 88t walls · 8 gate(s)
K4T#1's base· ✓ Closed at 19:02 · 5t walls · 4 gate(s)
tbogwald's base· ✓ Closed at 27:08 · 37t walls · 5 gate(s)
sTaZero's base· ✓ Closed at 14:52 · 0t walls · 4 gate(s)
Smoothed initial terrain · ◌ = detected wall gap · hover for details
Inputs per minute
— A P - - Hamurabi1
Build order — A P
First 150 of 241 actions detected
| 0:03 | Build | House |
| 0:06 | Build | House |
| 0:07 | Create | Villager (Male) |
| 0:08 | Create | Villager (Male) |
| 0:08 | Create | Villager (Male) |
| 0:08 | Create | Villager (Male) |
| 0:08 | Create | Villager (Male) |
| 1:25 | Create | Villager (Male) |
| 1:50 | Create | Villager (Male) |
| 1:50 | Create | Villager (Male) |
| 2:31 | Create | Villager (Male) |
| 2:32 | Create | Villager (Male) |
| 2:33 | Create | Villager (Male) |
| 2:40 | Research | Loom |
| 3:08 | Create | Villager (Male) |
| 3:08 | Create | Villager (Male) |
| 3:08 | Create | Villager (Male) |
| 4:26 | Build | House |
| 4:29 | Build | House |
| 4:31 | Build | House |
| 4:36 | Create | Villager (Male) |
| 4:36 | Create | Villager (Male) |
| 4:49 | Create | Villager (Male) |
| 4:50 | Create | Villager (Male) |
| 4:50 | Create | Villager (Male) |
| 6:05 | Build | Mill |
| 6:17 | Create | Villager (Male) |
| 6:17 | Create | Villager (Male) |
| 6:17 | Create | Villager (Male) |
| 6:18 | Create | Villager (Male) |
| 7:54 | Create | Villager (Male) |
| 7:54 | Create | Villager (Male) |
| 8:05 | Build | Farm |
| 8:11 | Build | Farm |
| 8:31 | Build | Farm |
| 8:41 | Build | Lumber Camp |
| 8:52 | Build | Farm |
| 9:15 | Research | Feudal Age |
| 9:22 | Build | Farm |
| 9:50 | Build | Farm |
| 10:32 | Build | Mining Camp |
| 11:28 | Age | Feudal Age |
| 11:37 | Research | Wheelbarrow |
| 11:38 | Research | Town Watch |
| 11:40 | Research | Horse Collar |
| 11:42 | Research | Double-Bit Axe |
| 11:45 | Research | Stone Mining |
| 11:47 | Create | Villager (Male) |
| 11:48 | Create | Villager (Male) |
| 13:21 | Build | Barracks |
| 13:41 | Create | Villager (Male) |
| 13:41 | Create | Villager (Male) |
| 13:50 | Build | House |
| 14:11 | Build | House |
| 14:14 | Build | House |
| 14:20 | Build | House |
| 14:44 | Build | Blacksmith |
| 14:55 | Create | Villager (Male) |
| 14:55 | Create | Villager (Male) |
| 15:37 | Build | Stone Wall |
| 15:48 | Create | Villager (Male) |
| 15:53 | Build | Mining Camp |
| 16:32 | Build | Market |
| 16:40 | Create | Villager (Male) |
| 16:40 | Create | Villager (Male) |
| 16:49 | Create | Villager (Male) |
| 16:49 | Create | Villager (Male) |
| 17:35 | Build | Farm |
| 17:37 | Build | Farm |
| 17:38 | Build | Farm |
| 17:41 | Build | Farm |
| 17:43 | Build | Farm |
| 18:01 | Build | Farm |
| 18:12 | Research | Gold Mining |
| 18:23 | Build | Stone Wall |
| 18:37 | Build | Farm |
| 18:40 | Research | Castle Age |
| 19:14 | Create | Spearman ×5 |
| 19:54 | Build | House |
| 20:38 | Build | Outpost |
| 21:09 | Build | House |
| 21:20 | Age | Castle Age |
| 21:27 | Research | Hand Cart |
| 21:36 | Build | Town Center |
| 21:46 | Build | Town Center |
| 21:52 | Research | Town Patrol |
| 21:53 | Create | Villager (Male) |
| 21:54 | Create | Villager (Male) |
| 22:17 | Build | Stable |
| 22:27 | Build | University |
| 22:33 | Create | Villager (Male) |
| 22:36 | Create | Villager (Male) |
| 22:36 | Create | Villager (Male) |
| 22:37 | Create | Villager (Male) |
| 22:37 | Create | Villager (Male) |
| 23:15 | Build | Mining Camp |
| 23:23 | Create | Villager (Male) |
| 23:23 | Create | Villager (Male) |
| 23:23 | Create | Villager (Male) |
| 23:24 | Create | Villager (Male) |
| 23:24 | Create | Villager (Male) |
| 23:58 | Research | Heavy Plow |
| 24:00 | Research | Bow Saw |
| 24:07 | Build | Farm |
| 24:13 | Create | Villager (Male) |
| 24:13 | Create | Villager (Male) |
| 24:14 | Create | Villager (Male) |
| 24:19 | Build | Farm |
| 24:33 | Create | Villager (Male) |
| 24:33 | Create | Villager (Male) |
| 24:33 | Create | Villager (Male) |
| 25:00 | Build | Farm |
| 25:05 | Create | Villager (Male) |
| 25:05 | Create | Villager (Male) |
| 25:05 | Create | Villager (Male) |
| 25:06 | Create | Villager (Male) |
| 25:07 | Create | Villager (Male) |
| 25:10 | Build | Farm |
| 25:50 | Build | Town Center |
| 25:58 | Create | Villager (Male) |
| 25:58 | Create | Villager (Male) |
| 25:58 | Create | Villager (Male) |
| 25:59 | Create | Villager (Male) |
| 26:02 | Build | Farm |
| 26:07 | Build | Farm |
| 26:44 | Build | Farm |
| 27:01 | Build | Farm |
| 27:04 | Create | Villager (Male) |
| 27:04 | Create | Villager (Male) |
| 27:04 | Create | Villager (Male) |
| 27:05 | Create | Villager (Male) |
| 27:05 | Create | Villager (Male) |
| 27:05 | Create | Villager (Male) |
| 27:06 | Create | Villager (Male) |
| 27:40 | Build | Farm |
| 27:50 | Create | Villager (Male) |
| 27:50 | Create | Villager (Male) |
| 27:50 | Create | Villager (Male) |
| 27:53 | Create | Villager (Male) |
| 27:53 | Create | Villager (Male) |
| 28:06 | Build | Castle |
| 28:26 | Build | Farm |
| 28:33 | Build | Farm |
| 28:37 | Create | Villager (Male) |
| 28:37 | Create | Villager (Male) |
| 28:37 | Create | Villager (Male) |
| 28:38 | Create | Villager (Male) |
| 28:41 | Create | Villager (Male) |
| 28:41 | Create | Villager (Male) |
| 29:02 | Research | Squires |
Build order — Hamurabi1
First 150 of 216 actions detected
| 0:04 | Build | House |
| 0:06 | Create | Villager (Male) |
| 0:06 | Create | Villager (Male) |
| 0:06 | Create | Villager (Male) |
| 0:07 | Create | Villager (Male) |
| 0:07 | Create | Villager (Male) |
| 0:07 | Research | Loom |
| 0:44 | Build | House |
| 0:45 | Build | House |
| 0:47 | Build | House |
| 1:45 | Create | Villager (Male) |
| 2:01 | Create | Villager (Male) |
| 2:01 | Create | Villager (Male) |
| 2:33 | Create | Villager (Male) |
| 3:06 | Create | Villager (Male) |
| 3:51 | Create | Villager (Male) |
| 3:52 | Create | Villager (Male) |
| 3:52 | Create | Villager (Male) |
| 5:42 | Build | Mill |
| 5:47 | Create | Villager (Male) |
| 5:47 | Create | Villager (Male) |
| 5:47 | Create | Villager (Male) |
| 6:19 | Build | Lumber Camp |
| 8:09 | Build | Mill |
| 8:26 | Build | House |
| 8:42 | Research | Feudal Age |
| 9:24 | Create | Villager (Male) |
| 9:25 | Create | Villager (Male) |
| 9:28 | Create | Villager (Male) |
| 10:05 | Build | Barracks |
| 10:17 | Create | Villager (Male) |
| 10:19 | Create | Villager (Male) |
| 10:32 | Create | Villager (Male) |
| 11:24 | Build | Blacksmith |
| 13:02 | Build | Archery Range |
| 13:05 | Create | Villager (Male) |
| 13:05 | Create | Villager (Male) |
| 13:06 | Create | Villager (Male) |
| 13:06 | Create | Villager (Male) |
| 13:06 | Create | Villager (Male) |
| 13:32 | Build | Mill |
| 14:03 | Build | Mining Camp |
| 14:11 | Build | House |
| 14:21 | Build | House |
| 15:44 | Build | House |
| 15:48 | Build | House |
| 16:55 | Build | House |
| 16:57 | Build | House |
| 17:00 | Build | House |
| 17:03 | Build | House |
| 18:19 | Create | Villager (Male) |
| 18:39 | Research | Castle Age |
| 18:40 | Research | Castle Age |
| 18:58 | Build | Archery Range |
| 19:15 | Research | Horse Collar |
| 19:54 | Build | Farm |
| 19:56 | Build | Farm |
| 19:57 | Build | Farm |
| 19:58 | Build | Farm |
| 20:00 | Build | Farm |
| 20:01 | Build | Farm |
| 20:03 | Build | Farm |
| 20:04 | Build | Farm |
| 20:10 | Build | Farm |
| 20:12 | Build | Farm |
| 21:05 | Build | Archery Range |
| 21:17 | Research | Double-Bit Axe |
| 21:24 | Build | Town Center |
| 21:56 | Create | Villager (Male) |
| 21:57 | Create | Villager (Male) |
| 21:57 | Create | Villager (Male) |
| 22:24 | Build | University |
| 22:30 | Create | Villager (Male) |
| 22:39 | Build | Farm |
| 22:53 | Build | Farm |
| 23:17 | Create | Villager (Male) |
| 23:17 | Create | Villager (Male) |
| 23:17 | Create | Villager (Male) |
| 23:18 | Create | Villager (Male) |
| 23:18 | Create | Villager (Male) |
| 23:24 | Build | Farm |
| 23:49 | Build | Siege Workshop |
| 23:55 | Create | Villager (Male) |
| 23:55 | Create | Villager (Male) |
| 23:56 | Create | Villager (Male) |
| 23:56 | Create | Villager (Male) |
| 23:56 | Create | Villager (Male) |
| 24:23 | Create | Villager (Male) |
| 24:23 | Create | Villager (Male) |
| 24:31 | Create | Villager (Male) |
| 24:43 | Build | Siege Workshop |
| 25:01 | Research | Heavy Plow |
| 25:40 | Create | Villager (Male) |
| 25:41 | Create | Villager (Male) |
| 26:03 | Research | Bow Saw |
| 26:15 | Build | Archery Range |
| 26:18 | Build | Archery Range |
| 26:26 | Build | Farm |
| 26:29 | Build | Farm |
| 26:49 | Create | Villager (Male) |
| 26:49 | Create | Villager (Male) |
| 26:49 | Create | Villager (Male) |
| 26:49 | Create | Villager (Male) |
| 26:59 | Create | Villager (Male) |
| 27:23 | Research | Gold Mining |
| 27:34 | Build | Farm |
| 27:40 | Build | Farm |
| 27:53 | Build | Farm |
| 28:06 | Build | House |
| 28:07 | Build | House |
| 28:14 | Build | House |
| 28:15 | Build | House |
| 28:22 | Build | House |
| 28:27 | Build | Farm |
| 28:33 | Build | Farm |
| 28:40 | Create | Villager (Male) |
| 28:41 | Create | Villager (Male) |
| 29:19 | Build | Farm |
| 29:39 | Build | Farm |
| 30:23 | Research | Imperial Age |
| 30:29 | Create | Villager (Male) |
| 30:37 | Create | Villager (Male) |
| 30:41 | Create | Villager (Male) |
| 30:51 | Build | House |
| 30:52 | Build | House |
| 30:55 | Build | House |
| 30:56 | Build | House |
| 30:57 | Build | House |
| 31:08 | Build | Farm |
| 31:18 | Research | Gold Shaft Mining |
| 31:19 | Research | Stone Mining |
| 31:25 | Build | Farm |
| 31:43 | Research | Wheelbarrow |
| 31:58 | Research | Town Watch |
| 32:10 | Build | Farm |
| 32:23 | Research | Padded Archer Armor |
| 32:33 | Research | Fletching |
| 33:09 | Create | Villager (Male) |
| 33:09 | Create | Villager (Male) |
| 33:09 | Create | Villager (Male) |
| 33:10 | Create | Villager (Male) |
| 33:10 | Create | Villager (Male) |
| 33:10 | Create | Villager (Male) |
| 33:10 | Create | Villager (Male) |
| 33:11 | Create | Villager (Male) |
| 33:14 | Create | Villager (Male) |
| 33:20 | Create | Villager (Male) |
| 33:25 | Build | House |
| 33:28 | Build | House |
| 33:29 | Build | House |
Build order — madsuperlugnelars
First 150 of 164 actions detected
| 0:40 | Create | Villager (Male) |
| 0:41 | Create | Villager (Male) |
| 0:41 | Create | Villager (Male) |
| 0:41 | Create | Villager (Male) |
| 1:08 | Build | House |
| 2:04 | Build | House |
| 2:10 | Build | House |
| 2:15 | Create | Villager (Male) |
| 2:16 | Create | Villager (Male) |
| 3:01 | Create | Villager (Male) |
| 3:42 | Create | Villager (Male) |
| 4:16 | Create | Villager (Male) |
| 4:16 | Create | Villager (Male) |
| 4:16 | Create | Villager (Male) |
| 5:43 | Create | Villager (Male) |
| 5:45 | Create | Villager (Male) |
| 6:23 | Build | Mill |
| 7:53 | Build | Mining Camp |
| 8:54 | Build | Lumber Camp |
| 9:05 | Research | Feudal Age |
| 10:06 | Create | Villager (Male) |
| 10:31 | Create | Villager (Male) |
| 10:55 | Build | Mining Camp |
| 11:15 | Age | Feudal Age |
| 11:17 | Research | Double-Bit Axe |
| 11:27 | Research | Wheelbarrow |
| 11:28 | Create | Villager (Male) |
| 11:39 | Build | House |
| 11:50 | Research | Gold Mining |
| 13:35 | Build | Farm |
| 13:41 | Build | Farm |
| 13:44 | Research | Horse Collar |
| 13:46 | Create | Villager (Male) |
| 13:46 | Create | Villager (Male) |
| 13:47 | Create | Villager (Male) |
| 14:49 | Build | Lumber Camp |
| 14:56 | Create | Villager (Male) |
| 14:57 | Create | Villager (Male) |
| 15:19 | Build | Farm |
| 15:22 | Create | Villager (Male) |
| 15:46 | Build | Farm |
| 16:05 | Build | Gate |
| 16:28 | Build | Stone Wall |
| 17:01 | Build | Farm |
| 17:05 | Build | Farm |
| 17:07 | Create | Villager (Male) |
| 17:07 | Create | Villager (Male) |
| 17:08 | Create | Villager (Male) |
| 17:41 | Build | House |
| 17:59 | Research | Loom |
| 18:03 | Research | Loom |
| 18:12 | Build | House |
| 18:28 | Create | Villager (Male) |
| 18:30 | Create | Villager (Male) |
| 18:30 | Create | Villager (Male) |
| 18:30 | Create | Villager (Male) |
| 18:58 | Build | Stone Wall |
| 19:04 | Build | Gate |
| 19:17 | Build | Farm |
| 19:20 | Create | Villager (Male) |
| 19:20 | Create | Villager (Male) |
| 19:25 | Build | Farm |
| 19:37 | Build | House |
| 19:41 | Create | Villager (Male) |
| 20:07 | Build | Barracks |
| 20:16 | Build | Farm |
| 20:31 | Build | Farm |
| 20:33 | Create | Villager (Male) |
| 20:33 | Create | Villager (Male) |
| 20:40 | Build | Farm |
| 20:47 | Research | Stone Mining |
| 21:06 | Build | Farm |
| 21:10 | Create | Villager (Male) |
| 21:51 | Build | Farm |
| 21:56 | Build | Farm |
| 21:59 | Create | Villager (Male) |
| 22:06 | Research | Man-at-Arms (upgrade) |
| 22:07 | Research | Arson |
| 22:41 | Build | Stone Wall |
| 22:48 | Build | Gate |
| 23:00 | Build | Archery Range |
| 23:09 | Build | Farm |
| 23:17 | Build | Farm |
| 23:21 | Create | Villager (Male) |
| 23:34 | Create | Villager (Male) |
| 23:44 | Create | Militia |
| 23:44 | Create | Militia |
| 23:45 | Create | Spearman |
| 23:45 | Create | Spearman |
| 23:57 | Build | Mining Camp |
| 23:59 | Create | Archer |
| 23:59 | Create | Archer |
| 24:00 | Create | Archer |
| 24:24 | Build | Market |
| 24:56 | Build | Stone Wall |
| 25:25 | Build | Stone Wall |
| 25:35 | Build | Stone Wall |
| 25:44 | Build | Gate |
| 26:03 | Research | Castle Age |
| 26:21 | Build | Stone Wall |
| 26:43 | Create | Spearman |
| 26:43 | Create | Spearman |
| 26:43 | Create | Spearman |
| 26:46 | Create | Spearman |
| 26:52 | Create | Spearman |
| 26:52 | Create | Spearman |
| 26:52 | Create | Spearman |
| 26:56 | Create | Archer |
| 26:56 | Create | Archer |
| 26:57 | Create | Archer |
| 27:18 | Build | Blacksmith |
| 27:26 | Create | Villager (Male) |
| 28:43 | Age | Castle Age |
| 28:43 | Create | Villager (Male) |
| 28:51 | Build | House |
| 28:54 | Build | House |
| 28:57 | Research | Hand Cart |
| 29:04 | Research | Pikeman (upgrade) |
| 29:04 | Research | Squires |
| 29:07 | Research | Crossbowman (upgrade) |
| 29:27 | Research | Gold Shaft Mining |
| 29:30 | Research | Heavy Plow |
| 29:33 | Research | Bow Saw |
| 29:43 | Build | Lumber Camp |
| 29:54 | Build | Mining Camp |
| 30:24 | Research | Forging |
| 30:27 | Create | Villager (Male) |
| 30:27 | Create | Villager (Male) |
| 30:27 | Create | Villager (Male) |
| 30:28 | Create | Villager (Male) |
| 31:30 | Build | Stone Wall |
| 31:48 | Build | Gate |
| 31:56 | Create | Spearman |
| 31:56 | Create | Spearman |
| 31:58 | Create | Archer |
| 31:59 | Create | Archer |
| 32:04 | Create | Villager (Male) |
| 32:04 | Create | Villager (Male) |
| 32:21 | Create | Spearman |
| 32:22 | Create | Spearman |
| 32:26 | Research | Padded Archer Armor |
| 32:29 | Research | Scale Mail Armor |
| 32:30 | Research | Iron Casting |
| 34:18 | Create | Spearman |
| 34:18 | Create | Spearman |
| 34:18 | Create | Spearman |
| 34:18 | Create | Spearman |
| 34:19 | Create | Spearman |
| 34:19 | Create | Spearman |
| 34:19 | Create | Spearman |
Build order — K4T#1
First 150 of 257 actions detected
| 0:39 | Build | House |
| 0:41 | Build | House |
| 0:42 | Build | House |
| 1:08 | Create | Villager (Male) |
| 1:08 | Create | Villager (Male) |
| 1:08 | Create | Villager (Male) |
| 1:09 | Create | Villager (Male) |
| 2:45 | Create | Villager (Male) |
| 3:24 | Create | Villager (Male) |
| 3:52 | Create | Villager (Male) |
| 4:28 | Create | Villager (Male) |
| 4:29 | Create | Villager (Male) |
| 4:50 | Create | Villager (Male) |
| 5:05 | Build | Lumber Camp |
| 6:14 | Create | Villager (Male) |
| 6:14 | Create | Villager (Male) |
| 7:13 | Create | Villager (Male) |
| 7:13 | Create | Villager (Male) |
| 7:47 | Build | House |
| 7:48 | Build | House |
| 7:50 | Build | House |
| 7:55 | Create | Villager (Male) |
| 7:56 | Create | Villager (Male) |
| 7:58 | Create | Villager (Male) |
| 7:59 | Create | Villager (Male) |
| 9:24 | Build | Mining Camp |
| 9:31 | Build | Mining Camp |
| 9:54 | Build | Farm |
| 10:04 | Research | Feudal Age |
| 11:24 | Create | Villager (Male) |
| 11:24 | Create | Villager (Male) |
| 11:25 | Create | Villager (Male) |
| 12:14 | Age | Feudal Age |
| 12:25 | Research | Double-Bit Axe |
| 12:37 | Build | Mill |
| 13:01 | Create | Villager (Male) |
| 13:02 | Create | Villager (Male) |
| 13:02 | Create | Villager (Male) |
| 13:10 | Build | Farm |
| 13:38 | Build | Farm |
| 14:08 | Build | Farm |
| 14:31 | Build | Farm |
| 14:42 | Create | Villager (Male) |
| 14:43 | Create | Villager (Male) |
| 14:45 | Create | Villager (Male) |
| 15:19 | Build | Farm |
| 15:43 | Build | Farm |
| 16:12 | Build | Palisade Wall |
| 16:22 | Research | Castle Age |
| 16:49 | Research | Stone Mining |
| 17:40 | Create | Villager (Male) |
| 17:40 | Create | Villager (Male) |
| 17:40 | Create | Villager (Male) |
| 17:40 | Create | Villager (Male) |
| 17:41 | Create | Villager (Male) |
| 17:41 | Create | Villager (Male) |
| 18:09 | Research | Horse Collar |
| 18:12 | Research | Gold Mining |
| 18:29 | Create | Villager (Male) |
| 19:02 | Age | Castle Age |
| 19:15 | Build | Town Center |
| 19:38 | Build | House |
| 19:39 | Build | House |
| 19:40 | Build | House |
| 19:41 | Build | House |
| 20:06 | Create | Villager (Male) |
| 20:06 | Create | Villager (Male) |
| 20:07 | Create | Villager (Male) |
| 20:10 | Research | Bow Saw |
| 20:52 | Build | Castle |
| 20:59 | Build | Farm |
| 21:07 | Create | Villager (Male) |
| 21:07 | Create | Villager (Male) |
| 21:07 | Create | Villager (Male) |
| 21:07 | Create | Villager (Male) |
| 21:08 | Create | Villager (Male) |
| 21:08 | Create | Villager (Male) |
| 21:08 | Create | Villager (Male) |
| 21:18 | Build | Farm |
| 21:45 | Build | Farm |
| 22:06 | Build | Farm |
| 22:30 | Build | House |
| 22:32 | Build | House |
| 22:33 | Build | House |
| 22:34 | Build | House |
| 23:06 | Create | Villager (Male) |
| 23:06 | Create | Villager (Male) |
| 23:06 | Create | Villager (Male) |
| 23:07 | Create | Villager (Male) |
| 23:32 | Research | Gold Shaft Mining |
| 23:38 | Create | Villager (Male) |
| 23:39 | Create | Villager (Male) |
| 23:44 | Build | Farm |
| 23:56 | Build | Farm |
| 24:11 | Build | Farm |
| 24:20 | Research | Tusk Swords |
| 24:43 | Build | Town Center |
| 24:49 | Build | House |
| 24:54 | Build | House |
| 24:56 | Build | House |
| 24:58 | Build | House |
| 24:59 | Build | House |
| 25:07 | Build | Farm |
| 25:09 | Build | Farm |
| 25:10 | Build | Farm |
| 25:12 | Build | Farm |
| 25:13 | Build | Farm |
| 25:14 | Build | Farm |
| 25:17 | Build | Farm |
| 25:18 | Build | Farm |
| 25:55 | Build | Farm |
| 26:10 | Research | Imperial Age |
| 26:27 | Create | Villager (Male) |
| 26:27 | Create | Villager (Male) |
| 26:27 | Create | Villager (Male) |
| 26:27 | Create | Villager (Male) |
| 26:28 | Create | Villager (Male) |
| 26:28 | Create | Villager (Male) |
| 26:31 | Build | Farm |
| 27:04 | Build | Farm |
| 27:18 | Build | Stone Wall |
| 27:33 | Build | Stone Wall |
| 27:51 | Research | Heavy Plow |
| 27:54 | Research | Stone Shaft Mining |
| 28:13 | Build | Farm |
| 28:19 | Create | Villager (Male) |
| 28:19 | Create | Villager (Male) |
| 28:19 | Create | Villager (Male) |
| 28:20 | Create | Villager (Male) |
| 28:20 | Create | Villager (Male) |
| 28:20 | Create | Villager (Male) |
| 28:21 | Create | Villager (Male) |
| 28:21 | Create | Villager (Male) |
| 28:44 | Build | Stone Wall |
| 28:56 | Build | Stone Wall |
| 29:05 | Build | Gate |
| 29:20 | Age | Imperial Age |
| 29:28 | Build | Farm |
| 29:30 | Build | Farm |
| 29:34 | Research | Crop Rotation |
| 29:37 | Research | Elite Ballista Elephant (upgrade) |
| 29:40 | Research | Conscription |
| 29:48 | Build | Mill |
| 30:42 | Research | Double Crossbow |
| 30:48 | Create | Villager (Male) |
| 30:48 | Create | Villager (Male) |
| 30:49 | Create | Villager (Male) |
| 31:26 | Build | University |
| 31:49 | Build | Blacksmith |
| 32:01 | Create | Ballista Elephant |
Build order — tbogwald
First 150 of 267 actions detected
| 0:02 | Create | Villager (Male) |
| 0:02 | Create | Villager (Male) |
| 0:03 | Create | Villager (Male) |
| 0:04 | Build | House |
| 0:06 | Build | House |
| 0:21 | Create | Villager (Male) |
| 0:21 | Create | Villager (Male) |
| 1:26 | Create | Villager (Male) |
| 1:26 | Create | Villager (Male) |
| 2:17 | Create | Villager (Male) |
| 2:17 | Create | Villager (Male) |
| 2:21 | Create | Villager (Male) |
| 2:21 | Create | Villager (Male) |
| 2:53 | Create | Villager (Male) |
| 2:53 | Create | Villager (Male) |
| 3:16 | Create | Villager (Male) |
| 3:17 | Create | Villager (Male) |
| 4:00 | Create | Villager (Male) |
| 4:00 | Create | Villager (Male) |
| 4:31 | Create | Villager (Male) |
| 4:31 | Create | Villager (Male) |
| 4:58 | Build | House |
| 5:00 | Build | House |
| 5:03 | Research | Loom |
| 5:14 | Create | Villager (Male) |
| 5:15 | Create | Villager (Male) |
| 5:44 | Create | Villager (Male) |
| 5:45 | Create | Villager (Male) |
| 6:20 | Create | Villager (Male) |
| 6:20 | Create | Villager (Male) |
| 6:20 | Create | Villager (Male) |
| 7:11 | Create | Villager (Male) |
| 7:12 | Create | Villager (Male) |
| 7:38 | Create | Villager (Male) |
| 7:39 | Create | Villager (Male) |
| 8:33 | Build | Mill |
| 8:52 | Build | Lumber Camp |
| 8:59 | Create | Villager (Male) |
| 9:16 | Create | Villager (Male) |
| 9:45 | Research | Feudal Age |
| 10:37 | Build | Mill |
| 11:08 | Create | Villager (Male) |
| 11:09 | Create | Villager (Male) |
| 11:29 | Build | Barracks |
| 11:31 | Build | Mining Camp |
| 11:59 | Age | Feudal Age |
| 12:14 | Research | Double-Bit Axe |
| 12:44 | Create | Villager (Male) |
| 12:45 | Create | Villager (Male) |
| 12:45 | Create | Villager (Male) |
| 12:56 | Build | Blacksmith |
| 13:28 | Create | Villager (Male) |
| 13:28 | Create | Villager (Male) |
| 13:42 | Build | Barracks |
| 13:48 | Create | Villager (Male) |
| 13:48 | Create | Villager (Male) |
| 13:58 | Build | House |
| 13:59 | Build | House |
| 14:21 | Build | Farm |
| 14:33 | Build | Farm |
| 14:36 | Create | Villager (Male) |
| 14:59 | Build | Farm |
| 15:16 | Create | Villager (Male) |
| 15:21 | Build | Farm |
| 15:28 | Create | Villager (Male) |
| 15:50 | Build | Farm |
| 15:54 | Create | Villager (Male) |
| 16:02 | Research | Forging |
| 16:13 | Build | Farm |
| 16:48 | Build | Farm |
| 16:50 | Create | Villager (Male) |
| 16:50 | Create | Villager (Male) |
| 17:04 | Build | Watch Tower |
| 17:12 | Build | Farm |
| 17:15 | Create | Villager (Male) |
| 17:15 | Create | Villager (Male) |
| 17:20 | Research | Scale Mail Armor |
| 17:59 | Build | Stone Wall |
| 18:33 | Build | Mining Camp |
| 19:07 | Create | Villager (Male) |
| 19:07 | Create | Villager (Male) |
| 19:27 | Research | Stone Mining |
| 19:45 | Build | Farm |
| 19:48 | Create | Villager (Male) |
| 19:48 | Create | Villager (Male) |
| 19:57 | Build | Gate |
| 20:08 | Build | Stone Wall |
| 20:34 | Build | Farm |
| 20:37 | Build | Farm |
| 20:42 | Create | Villager (Male) |
| 20:42 | Create | Villager (Male) |
| 20:53 | Build | Farm |
| 21:31 | Create | Spearman |
| 21:31 | Create | Spearman |
| 21:31 | Create | Spearman |
| 21:32 | Create | Spearman |
| 21:32 | Create | Spearman |
| 21:44 | Build | House |
| 21:45 | Build | House |
| 21:46 | Build | House |
| 21:49 | Create | Villager (Male) |
| 21:50 | Create | Villager (Male) |
| 21:56 | Build | Farm |
| 21:58 | Build | Farm |
| 22:06 | Research | Town Watch |
| 22:48 | Create | Villager (Male) |
| 22:48 | Create | Villager (Male) |
| 22:49 | Create | Villager (Male) |
| 22:59 | Research | Fletching |
| 23:34 | Build | Archery Range |
| 23:36 | Build | Archery Range |
| 23:54 | Research | Gold Mining |
| 24:05 | Build | Farm |
| 24:28 | Research | Castle Age |
| 25:12 | Build | Watch Tower |
| 25:17 | Create | Skirmisher |
| 25:17 | Create | Skirmisher |
| 25:18 | Create | Skirmisher |
| 25:18 | Create | Skirmisher |
| 25:18 | Create | Skirmisher |
| 25:24 | Research | Padded Archer Armor |
| 27:07 | Create | Villager (Male) |
| 27:07 | Create | Villager (Male) |
| 27:08 | Age | Castle Age |
| 27:31 | Research | Elite Skirmisher (upgrade) |
| 28:27 | Build | Town Center |
| 28:33 | Build | Farm |
| 28:34 | Build | Farm |
| 28:36 | Build | Farm |
| 28:38 | Build | Farm |
| 28:40 | Build | Farm |
| 28:42 | Build | Farm |
| 28:47 | Build | Farm |
| 28:49 | Build | Farm |
| 29:22 | Build | House |
| 29:23 | Build | House |
| 29:23 | Build | House |
| 29:23 | Build | House |
| 29:24 | Build | House |
| 29:24 | Build | House |
| 29:24 | Build | House |
| 29:24 | Build | House |
| 30:11 | Create | Villager (Male) |
| 30:11 | Create | Villager (Male) |
| 30:11 | Create | Villager (Male) |
| 30:11 | Create | Villager (Male) |
| 30:56 | Build | Farm |
| 30:58 | Build | Farm |
| 31:02 | Build | Mill |
| 31:12 | Build | House |
Build order — sTaZero
First 150 of 265 actions detected
| 0:03 | Create | Villager (Male) |
| 0:04 | Create | Villager (Male) |
| 0:04 | Create | Villager (Male) |
| 0:10 | Build | House |
| 0:15 | Build | House |
| 0:27 | Create | Villager (Male) |
| 1:27 | Create | Villager (Male) |
| 2:20 | Create | Villager (Male) |
| 2:44 | Build | Mill |
| 3:06 | Create | Villager (Male) |
| 3:30 | Create | Villager (Male) |
| 5:26 | Create | Villager (Male) |
| 5:26 | Create | Villager (Male) |
| 5:41 | Build | Lumber Camp |
| 5:58 | Build | House |
| 6:00 | Build | House |
| 6:41 | Research | Feudal Age |
| 7:14 | Create | Villager (Male) |
| 7:51 | Build | Barracks |
| 8:12 | Create | Villager (Male) |
| 8:29 | Create | Villager (Male) |
| 8:51 | Age | Feudal Age |
| 8:53 | Create | Spearman |
| 9:06 | Build | Market |
| 9:19 | Create | Villager (Male) |
| 9:19 | Create | Villager (Male) |
| 9:25 | Create | Spearman |
| 9:26 | Create | Spearman |
| 9:52 | Build | Mining Camp |
| 10:23 | Build | Mining Camp |
| 10:26 | Create | Villager (Male) |
| 10:27 | Create | Villager (Male) |
| 11:04 | Create | Spearman |
| 11:04 | Create | Spearman |
| 11:33 | Build | Blacksmith |
| 11:41 | Create | Villager (Male) |
| 11:55 | Build | House |
| 11:57 | Build | House |
| 12:12 | Research | Castle Age |
| 12:40 | Create | Spearman |
| 13:12 | Build | House |
| 13:13 | Build | House |
| 13:28 | Build | Farm |
| 13:30 | Build | Farm |
| 13:40 | Research | Double-Bit Axe |
| 13:43 | Research | Horse Collar |
| 14:52 | Age | Castle Age |
| 14:53 | Create | Villager (Male) |
| 14:53 | Create | Villager (Male) |
| 14:53 | Create | Villager (Male) |
| 15:02 | Research | Heavy Plow |
| 15:04 | Create | Villager (Male) |
| 15:18 | Build | Town Center |
| 15:25 | Build | Farm |
| 15:33 | Create | Villager (Male) |
| 15:36 | Create | Villager (Male) |
| 15:48 | Build | Farm |
| 15:51 | Build | Farm |
| 16:04 | Create | Villager (Male) |
| 16:04 | Create | Villager (Male) |
| 16:31 | Create | Spearman |
| 16:49 | Build | Farm |
| 16:50 | Build | Farm |
| 16:53 | Build | Farm |
| 16:54 | Build | Farm |
| 16:59 | Create | Villager (Male) |
| 16:59 | Create | Villager (Male) |
| 17:00 | Create | Villager (Male) |
| 17:00 | Create | Villager (Male) |
| 17:23 | Build | Castle |
| 17:31 | Create | Villager (Male) |
| 17:31 | Create | Villager (Male) |
| 17:34 | Create | Villager (Male) |
| 17:45 | Research | Pikeman (upgrade) |
| 17:54 | Create | Villager (Male) |
| 18:01 | Build | Farm |
| 18:39 | Build | Farm |
| 18:44 | Build | Farm |
| 19:50 | Create | Spearman |
| 19:50 | Create | Spearman |
| 19:52 | Create | Villager (Male) |
| 19:52 | Create | Villager (Male) |
| 19:53 | Create | Villager (Male) |
| 19:55 | Build | Farm |
| 19:56 | Build | Farm |
| 20:04 | Build | Monastery |
| 20:33 | Create | Conquistador |
| 20:33 | Create | Conquistador |
| 20:37 | Create | Conquistador |
| 20:47 | Build | Farm |
| 20:50 | Build | Farm |
| 20:51 | Create | Spearman |
| 21:05 | Build | Castle |
| 21:09 | Create | Conquistador |
| 21:09 | Create | Conquistador |
| 21:15 | Create | Spearman |
| 21:15 | Create | Spearman |
| 21:22 | Build | Farm |
| 22:01 | Create | Conquistador |
| 22:25 | Build | University |
| 22:27 | Create | Villager (Male) |
| 22:27 | Create | Villager (Male) |
| 22:48 | Create | Conquistador |
| 22:48 | Create | Conquistador |
| 23:01 | Research | Imperial Age |
| 23:22 | Create | Monk |
| 23:25 | Create | Villager (Male) |
| 23:25 | Create | Villager (Male) |
| 23:43 | Create | Conquistador |
| 23:43 | Create | Conquistador |
| 23:43 | Create | Conquistador |
| 23:47 | Create | Conquistador |
| 23:48 | Create | Conquistador |
| 24:11 | Research | Ballistics |
| 24:31 | Research | Wheelbarrow |
| 24:50 | Build | Town Center |
| 24:58 | Build | Farm |
| 24:59 | Create | Villager (Male) |
| 25:02 | Research | Bow Saw |
| 25:10 | Create | Villager (Male) |
| 25:10 | Create | Villager (Male) |
| 25:18 | Create | Conquistador |
| 25:18 | Create | Conquistador |
| 26:11 | Age | Imperial Age |
| 26:15 | Create | Trebuchet (Packed) |
| 26:15 | Create | Trebuchet (Packed) |
| 26:29 | Build | Castle |
| 26:35 | Create | Conquistador |
| 26:35 | Create | Conquistador |
| 26:36 | Create | Conquistador |
| 26:36 | Create | Conquistador |
| 26:36 | Create | Conquistador |
| 26:39 | Research | Squires |
| 26:45 | Build | Stable |
| 26:46 | Build | Stable |
| 27:38 | Research | Tech 60 |
| 27:54 | Create | Villager (Male) |
| 27:55 | Create | Villager (Male) |
| 27:55 | Create | Villager (Male) |
| 27:55 | Create | Villager (Male) |
| 28:06 | Create | Villager (Male) |
| 28:06 | Create | Villager (Male) |
| 28:12 | Build | Farm |
| 28:15 | Build | Farm |
| 28:18 | Build | Farm |
| 28:22 | Build | Farm |
| 28:24 | Build | Farm |
| 28:25 | Create | Villager (Male) |
| 28:44 | Create | Conquistador |
| 28:44 | Create | Conquistador |
Match timeline
| 7:51 | sTaZero · first_building Barracks |
| 8:51 | sTaZero · age_up feudal |
| 10:05 | Hamurabi1 · first_building Barracks |
| 11:15 | madsuperlugnelars · age_up feudal |
| 11:28 | A P · age_up feudal |
| 11:29 | tbogwald · first_building Barracks |
| 11:59 | tbogwald · age_up feudal |
| 12:14 | K4T#1 · age_up feudal |
| 13:02 | Hamurabi1 · first_building Archery Range |
| 13:21 | A P · first_building Barracks |
| 14:52 | sTaZero · age_up castle |
| 15:37 | A P · wall_segment Stone Wall x20 |
| 16:12 | K4T#1 · wall_segment Palisade Wall x5 |
| 16:28 | madsuperlugnelars · wall_segment Stone Wall x10 |
| 17:08 | sTaZero · first_market_buy 100 stone |
| 17:23 | sTaZero · first_building Castle |
| 17:59 | tbogwald · wall_segment Stone Wall x28 |
| 18:23 | A P · wall_segment Stone Wall x12 |
| 18:58 | madsuperlugnelars · wall_segment Stone Wall x17 |
| 19:02 | K4T#1 · age_up castle |
| 20:04 | sTaZero · first_building Monastery |
| 20:07 | madsuperlugnelars · first_building Barracks |
| 20:08 | tbogwald · wall_segment Stone Wall x10 |
| 20:52 | K4T#1 · first_building Castle |
| 21:20 | A P · age_up castle |
| 22:17 | A P · first_building Stable |
| 22:41 | madsuperlugnelars · wall_segment Stone Wall x17 |
| 23:00 | madsuperlugnelars · first_building Archery Range |
| 23:34 | tbogwald · first_building Archery Range |
| 23:49 | Hamurabi1 · first_building Siege Workshop |
| 24:56 | madsuperlugnelars · wall_segment Stone Wall x3 |
| 25:25 | madsuperlugnelars · wall_segment Stone Wall x13 |
| 25:35 | madsuperlugnelars · wall_segment Stone Wall x15 |
| 26:11 | sTaZero · age_up imperial |
| 26:21 | madsuperlugnelars · wall_segment Stone Wall x15 |
| 26:45 | sTaZero · first_building Stable |
| 27:08 | tbogwald · age_up castle |
| 27:18 | K4T#1 · wall_segment Stone Wall x5 |
| 27:33 | K4T#1 · wall_segment Stone Wall x5 |
| 28:06 | A P · first_building Castle |
| 28:43 | madsuperlugnelars · age_up castle |
| 28:44 | K4T#1 · wall_segment Stone Wall x28 |
| 28:56 | K4T#1 · wall_segment Stone Wall x10 |
| 29:20 | K4T#1 · age_up imperial |
| 31:30 | madsuperlugnelars · wall_segment Stone Wall x10 |
| 32:32 | K4T#1 · wall_segment Stone Wall x13 |
| 32:56 | K4T#1 · first_building Stable |
| 34:18 | K4T#1 · first_building Barracks |
| 34:38 | madsuperlugnelars · first_market_sell 100 wood |
| 34:41 | madsuperlugnelars · first_market_buy 100 stone |
| 35:16 | madsuperlugnelars · first_building Castle |
| 37:17 | tbogwald · first_building Stable |
| 38:13 | A P · first_building Siege Workshop |
| 39:50 | A P · resign |
| 43:42 | tbogwald · first_building Castle |
[ AI ANALYSIS · 1 CREDIT ]
What really happened in this match?
Wolo.gg analyzes every decision: build order, eco, micro, common mistakes by bracket. Personalized analysis on WhatsApp or Discord in 30 seconds.
Civ guide
Hindustanis
Map guide
Aftermath
Perfil
A P